 Dungeon Crawl Stone Soup version 0.28.0-53-g5a82cb258f (webtiles) character file.

Game seed: 6627894255206291323

660 Peloso the Covered (level 7, -6/54 (61) HPs)
             Began as a Minotaur Fighter on July 16, 2022.
             Mangled by a gargoyle
             ... wielding a +0 mace of draining
              (20 damage)
             ... on level 5 of the Dungeon.
             The game lasted 00:06:01 (4460 turns).

Peloso the Covered (Minotaur Fighter)               Turns: 4460, Time: 00:06:02

HP:   -6/54 (61)    AC: 12    Str: 21    XL:     7   Next: 30%
MP:   6/6           EV:  6    Int:  5    God:
Gold: 119           SH:  5    Dex: 11    Spells: 6/6 levels left

rFire   . . .      SeeInvis .   a - +0 long sword
rCold   . . .      Faith    .   c - +0 buckler
rNeg    . . .      Spirit   .   e - +0 plate armour
rPois   +          Reflect  .   (helmet restricted)
rElec   .          Harm     .   (no cloak)
rCorr   .          Rampage  .   (no gloves)
Will    .....                   (no boots)
Stlth   ..........              (no amulet)
HPRegen 0.18/turn               f - ring of poison resistance
MPRegen 0.10/turn               (no ring)

@: heavily drained
A: horns 2, retaliatory headbutt
a: no special abilities


You were on level 5 of the Dungeon.
You visited 1 branch of the dungeon, and saw 5 of its levels.

You collected 119 gold pieces.

Inventory:

Hand Weapons
 a - a +0 long sword (weapon)
Armour
 b - a +0 chain mail
 c - a +0 buckler (worn)
 e - a +0 plate armour (worn)
Jewellery
 f - a ring of poison resistance (left hand)
 l - an amulet of the acrobat
Scrolls
 g - 5 scrolls of teleportation
 j - a scroll of noise
 o - a scroll of silence
 p - a scroll of fog
 r - a scroll of immolation {unknown}
Potions
 d - 3 potions of might
 h - 3 potions of brilliance
 k - 3 potions of haste
 m - a potion of magic
 n - a potion of invisibility {unknown}
 q - 2 potions of flight
 s - a potion of cancellation {unknown}


   Skills:
 + Level 5.3 Fighting
 + Level 6.0 Long Blades
 + Level 6.3 Armour
 + Level 1.9 Dodging
 + Level 5.0 Shields


You had 6 spell levels left.
You didn't know any spells.
Your spell library contained the following spells:

 Spells                   Type           Power      Damage    Failure   Level
 Animate Skeleton         Necr           0%         N/A       100%        1
 Apportation              Tloc           0%         N/A       100%        1
 Shock                    Conj/Air       0%         1d3       100%        1
 Summon Small Mammal      Summ           0%         N/A       100%        1
 Scorch                   Fire           0%         2d5       100%        2
 Conjure Flame            Conj/Fire      0%         6-21      100%        3
 Ignite Poison            Fire/Tmut/Pois 0%         N/A       100%        3
 Swiftness                Air            0%         N/A       100%        3
 Airstrike                Air            0%         N/A       100%        4
 Flame Wave               Conj/Fire      0%         2d4       100%        4
 Sticky Flame             Conj/Fire      0%         2d3       100%        4
 Summon Cactus Giant      Summ           0%         N/A       100%        6


Dungeon Overview and Level Annotations

Branches:
Dungeon (5/15)
 Temple: D:4-7

Altars:
Fedhas


Innate Abilities, Weirdness & Mutations

You have a pair of horns on your head.
You reflexively headbutt those who attack you in melee.


Message History

You feel very sick. The scorpion barely misses you. You furiously retaliate!
You headbutt the scorpion, but do no damage.
You hit the scorpion but do no damage.
The scorpion is heavily wounded.
You feel very sick.
The scorpion stings you but does no damage.
You block the scorpion's attack.
You hit the scorpion but do no damage.
The scorpion is heavily wounded.
You feel sick. You block the scorpion's attack.
You slash the scorpion!
You kill the scorpion!
You feel sick.
Your Long Blades skill increases to level 6!
You feel sick.
You start resting.
You feel sick. x4
You are no longer poisoned.
You start resting.
HP restored.
You start waiting.
Done waiting.
You start waiting.
Done waiting.
There is a stone staircase leading down here.
You climb downwards.
The gargoyle hurls a stone arrow at you.
The stone arrow misses you.
There is a stone staircase leading up, spattered with blood here.
The gargoyle hurls a stone arrow at you.
The stone arrow hits you! The gargoyle barely misses you.
You hit the gargoyle but do no damage.
You headbutt the gargoyle, but do no damage.
The gargoyle hits you with a +0 mace of draining!!
You feel drained.
* * * LOW HITPOINT WARNING * * *
You closely miss the gargoyle. Your headbutt misses the gargoyle.
The gargoyle hits you with a +0 mace of draining!!
You die...

#.........# ###.##....#
#.........# #.##...# #
#.........## #.##..(###..
#..........#### #...........
#.............# ###........#
.............#######....####
........###...##.......#
######### #.#9............#
#..@.####..###...#
###########.#####.## ...
#...........<.....# ..
#.#########..##..## .
#...#.### #.......#.
#...>..... #.......##
#.........


You could see a gargoyle.

Vanquished Creatures
  Grinder (D:5)
  An ice beast (D:5)
  A phantom (D:4)
  2 scorpions (D:4)
  A jelly (D:4)
  A hound (D:5)
  An iguana (D:4)
  A hound zombie (D:5)
  A hound skeleton (D:4)
  An adder (D:4)
  3 dart slugs
  An orc (D:4)
  3 bats
  3 endoplasms
  5 giant cockroaches
  5 goblins
  5 hobgoblins
  8 kobolds
  3 quokkas
  9 ball pythons
  4 frilled lizards
  6 rats
66 creatures vanquished.

Notes
Turn   | Place    | Note
-------+----------+-------------------------------------------
     0 | D:1      | Peloso the Minotaur Fighter began the quest for the Orb.
     0 | D:1      | Reached XP level 1. HP: 19/19 MP: 0/0
   189 | D:1      | Found a faded altar of an unknown god.
   207 | D:1      | Reached XP level 2. HP: 27/27 MP: 1/1
   940 | D:2      | Reached XP level 3. HP: 32/33 MP: 2/2
  1844 | D:3      | Found a blossoming altar of Fedhas.
  2530 | D:4      | Reached XP level 4. HP: 34/41 MP: 3/3
  2614 | D:4      | Noticed a scorpion
  2622 | D:4      | Killed a scorpion
  2623 | D:4      | Reached skill level 1 in Dodging
  2623 | D:4      | Reached XP level 5. HP: 39/47 MP: 4/4
  3065 | D:4      | Noticed a phantom
  3088 | D:4      | Killed a phantom
  3089 | D:4      | Reached skill level 5 in Armour
  3089 | D:4      | Reached XP level 6. HP: 33/53 MP: 5/5
  3575 | D:5      | Entered Level 5 of the Dungeon
  3601 | D:5      | Noticed an ice beast
  3617 | D:5      | Killed an ice beast
  3694 | D:5      | Noticed Grinder
  3703 | D:5      | Reached skill level 5 in Long Blades
  3710 | D:5      | Killed Grinder
  3711 | D:5      | Reached skill level 5 in Fighting
  3711 | D:5      | Reached skill level 5 in Shields
  3711 | D:5      | Reached XP level 7. HP: 50/61 MP: 6/6
  3789 | D:5      | Noticed a gargoyle
  3799 | D:5      | HP: 1/55 [gargoyle/stone arrow (7)]
  4460 | D:5      | Mangled by a gargoyle

Illustrated notes

Levels and vault maps discovered:
D:1:      minmay_arrival_diagonal_passages, layout_loops_ring,
          shapermc_ecumenical_altar_acropolis
D:2:      minmay_wonky_spiral, layout_basic
D:3:      layout_rooms, old_standard_altar, fountainhead
D:4:      layout_basic, kennysheep_generic_room_14
D:5:      layout_rooms, tso_metal_star, trog_book, okawaru_trees_1,
          minmay_temple_entry_stoned_glass, uniq_grinder

Skill      XL: |  1  2  3  4  5  6  7 |
---------------+----------------------+-----
Armour         | 4 5 6 |  6.3
Shields        | 4 5 |  5.0
Long Blades    | 3 4 5 6 |  6.0
Fighting       | 4 5 |  5.3
Dodging        | 1 |  1.9

Action                   |  1- 3 |  4- 6 |  7- 9 || total
-------------------------+-------+-------+-------++-------
Melee: Long sword        |    95 |    70 |    12 ||   177
       Headbutt          |    12 |    10 |     5 ||    27
  Use: Scroll            |     6 |     4 |       ||    10
       Potion            |     1 |       |     1 ||     2
Armor: Scale mail        |    33 |       |       ||    33
       Plate armour      |    24 |    28 |     6 ||    58
       Chain mail        |     2 |       |       ||     2
Dodge: Dodged            |    37 |    25 |     7 ||    69
Block: Buckler           |    29 |     7 |     4 ||    40
